3AA
NORTONVILLE CHEROKEES @ OTTAWA NATIONALS
08/19/2021
 
TOP OF THE 1ST
Nortonville Cherokees batting - Pitching for Ottawa Nationals : RHP King Fletcher
Pitching: RHP King Fletcher
Batting: RHB David Sánchez 0-0: Ball
1-0: Ball
2-0: Foul Ball, location: 2F
2-1: Foul Ball, location: 2F
2-2: Strikes out swinging
Batting: SHB Craig Barnes 0-0: SINGLE (Flyball, 6MD)
Batting: RHB Chris Oudekirk 0-0: Ball
1-0: Swinging Strike
1-1: Foul Ball, location: 2F
1-2: SINGLE (Flyball, 8LS)
Craig Barnes to second
Batting: RHB Tom Tracy 0-0: Foul Ball, location: 2F
0-1: Fly out, F4 (Popup, 4)
Batting: SHB Chris Cordell 0-0: Fly out, F7 (Flyball, 7M)
Top of the 1st over - 0 run(s), 2 hit(s), 0 error(s), 2 left on base; Nortonville 0 - Ottawa 0
BOTTOM OF THE 1ST
Ottawa Nationals batting - Pitching for Nortonville Cherokees : LHP Homer O'Lannigan
Pitching: LHP Homer O'Lannigan
Batting: RHB Jesús Soto 0-0: Ball
1-0: Fly out, F5 (Popup, 5)
Batting: RHB Barry Welch 0-0: SINGLE (Flyball, 7LS)
Batting: RHB Jack O'Brien 0-0: Ball
1-0: Called Strike
1-1: Swinging Strike
1-2: Ball
2-2: Ball
3-2: Foul Ball, location: 2F
3-2: Base on Balls
Barry Welch to second
Batting: RHB Sam Horton 0-0: Ball
1-0: Ball
2-0: Foul Ball, location: 2F
2-1: Called Strike
2-2: Strikes out looking
Batting: RHB Stan Pierce 0-0: Ball
1-0: Fly out, F8 (Flyball, 8RD)
Bottom of the 1st over - 0 run(s), 1 hit(s), 0 error(s), 2 left on base; Nortonville 0 - Ottawa 0
TOP OF THE 2ND
Nortonville Cherokees batting - Pitching for Ottawa Nationals : RHP King Fletcher
Batting: RHB Cristián Cruz 0-0: Foul Ball, location: 2F
0-1: Foul Ball, location: 2F
0-2: Ball
1-2: Ball
2-2: Strikes out swinging
Batting: RHB Bill Manning 0-0: Ball
1-0: Ground out 4-3 (Groundball, 4)
Batting: LHB Anthony Trigg 0-0: SINGLE (Groundball, 34D)
Batting: RHB Víctor López 0-0: Called Strike
0-1: Ball
1-1: Ground out 1-3 (Groundball, 15S)
Top of the 2nd over - 0 run(s), 1 hit(s), 0 error(s), 1 left on base; Nortonville 0 - Ottawa 0
BOTTOM OF THE 2ND
Ottawa Nationals batting - Pitching for Nortonville Cherokees : LHP Homer O'Lannigan
Batting: RHB Dan Bernard 0-0: Swinging Strike
0-1: Fly out, F3 (Popup, 23F)
Batting: RHB Steven Poe 0-0: Fly out, F7 (Flyball, 5D)
Batting: RHB Anthony Trujillo 0-0: Swinging Strike
0-1: Ball
1-1: Foul Ball, location: 2F
1-2: Ball
2-2: Ball
3-2: Base on Balls
Batting: RHB Ben Daniel 0-0: Ball
1-0: Fly out, F1 (Popup, 15S)
Bottom of the 2nd over - 0 run(s), 0 hit(s), 0 error(s), 1 left on base; Nortonville 0 - Ottawa 0
TOP OF THE 3RD
Nortonville Cherokees batting - Pitching for Ottawa Nationals : RHP King Fletcher
Batting: RHB David Sánchez 0-0: Called Strike
0-1: Ground out 6-3 (Groundball, 6)
Batting: SHB Craig Barnes 0-0: Called Strike
0-1: Ball
1-1: Ball
2-1: Swinging Strike
2-2: Strikes out swinging
Batting: RHB Chris Oudekirk 0-0: Ball
1-0: Ball
2-0: Ball
3-0: Base on Balls
Batting: RHB Tom Tracy 0-0: Ball
1-0: Fielders Choice at 2nd, U6 (Groundball, 6M)
Top of the 3rd over - 0 run(s), 0 hit(s), 0 error(s), 1 left on base; Nortonville 0 - Ottawa 0
BOTTOM OF THE 3RD
Ottawa Nationals batting - Pitching for Nortonville Cherokees : LHP Homer O'Lannigan
Batting: RHB Jesús Soto 0-0: Called Strike
0-1: Foul Ball, location: 2F
0-2: Ball
1-2: Foul Ball, location: 2F
1-2: Foul Ball, location: 2F
1-2: Foul Ball, location: 2F
1-2: Ball
2-2: Fly out, F3 (Popup, 3F)
Batting: RHB Barry Welch 0-0: SINGLE (Groundball, 56)
Batting: RHB Jack O'Brien 0-0: Ball
1-0: Ball
2-0: Foul Ball, location: 2F
2-1: Foul Ball, location: 2F
2-2: Ball
3-2: 2-RUN HOME RUN (Flyball, 7D), Distance : 369 ft
Batting: RHB Sam Horton 0-0: Foul Ball, location: 2F
0-1: Foul Ball, location: 2F
0-2: Strikes out swinging
Batting: RHB Stan Pierce 0-0: Ball
1-0: Called Strike
1-1: SINGLE (Flyball, 8LS)
Batting: RHB Dan Bernard 0-0: Called Strike
0-1: SINGLE (Groundball, 6D)
Stan Pierce to second
Batting: RHB Steven Poe 0-0: Ball
1-0: SINGLE (Groundball, 34D)
Stan Pierce to third
Dan Bernard to second
Runner from 3rd tries for Home, SAFE, no throw or cutoff
Batting: RHB Anthony Trujillo 0-0: Called Strike
0-1: Ball
1-1: Called Strike
1-2: Foul Ball, location: 2F
1-2: Strikes out swinging
Bottom of the 3rd over - 3 run(s), 5 hit(s), 0 error(s), 2 left on base; Nortonville 0 - Ottawa 3
TOP OF THE 4TH
Nortonville Cherokees batting - Pitching for Ottawa Nationals : RHP King Fletcher
Batting: SHB Chris Cordell 0-0: Called Strike
0-1: Foul Ball, location: 2F
0-2: Foul Ball, location: 2F
0-2: Foul Ball, location: 2F
0-2: Ball
1-2: Fly out, F9 (Line Drive, 9S)
Batting: RHB Cristián Cruz 0-0: Ball
1-0: Ground out 6-3 (Groundball, 6M)
Batting: RHB Bill Manning 0-0: Swinging Strike
0-1: Ball
1-1: Ball
2-1: Fly out, F8 (Flyball, 8RXD)
Top of the 4th over - 0 run(s), 0 hit(s), 0 error(s), 0 left on base; Nortonville 0 - Ottawa 3
BOTTOM OF THE 4TH
Ottawa Nationals batting - Pitching for Nortonville Cherokees : LHP Homer O'Lannigan
Batting: RHB Ben Daniel 0-0: Foul Ball, location: 2F
0-1: Ball
1-1: Swinging Strike
1-2: Strikes out swinging
Batting: RHB Jesús Soto 0-0: Reached on error, E6 (Groundball, 6)
Batting: RHB Barry Welch 0-0: Ball
1-0: Called Strike
1-1: SINGLE (Groundball, 6M)
Jesús Soto to second
Batting: RHB Jack O'Brien 0-0: Ball
1-0: Ball
2-0: Ball
3-0: Called Strike
3-1: Called Strike
3-2: Foul Ball, location: 2F
3-2: Fly out, F6 (Popup, 6D)
Batting: RHB Sam Horton 0-0: Called Strike
0-1: Ball
1-1: Ball
2-1: SINGLE (Line Drive, 6MD)
Jesús Soto to third
Barry Welch to second
Runner from 3rd tries for Home, SAFE, no throw or cutoff
Batting: RHB Stan Pierce 0-0: Ball
1-0: Fly out, F8 (Flyball, 8RM)
Bottom of the 4th over - 1 run(s), 2 hit(s), 1 error(s), 2 left on base; Nortonville 0 - Ottawa 4
TOP OF THE 5TH
Nortonville Cherokees batting - Pitching for Ottawa Nationals : RHP King Fletcher
Batting: LHB Anthony Trigg 0-0: Foul Ball, location: 2F
0-1: Swinging Strike
0-2: Ball
1-2: Ball
2-2: Ball
3-2: Strikes out swinging
Batting: RHB Víctor López 0-0: Called Strike
0-1: Ball
1-1: Ball
2-1: Ball
3-1: Base on Balls
Pitching: RHP Lewis Miller
Batting: RHB David Sánchez 0-0: Swinging Strike
0-1: Foul Ball, location: 2F
0-2: Foul Ball, location: 2F
0-2: Ball
1-2: SINGLE (Line Drive, 56)
Víctor López to second
Batting: SHB Craig Barnes 0-0: Ground out 5-3 (Groundball, 56S)
Víctor López to third
David Sánchez to second
Batting: RHB Chris Oudekirk 0-0: Called Strike
0-1: Swinging Strike
0-2: Strikes out swinging
Top of the 5th over - 0 run(s), 1 hit(s), 0 error(s), 2 left on base; Nortonville 0 - Ottawa 4
BOTTOM OF THE 5TH
Ottawa Nationals batting - Pitching for Nortonville Cherokees : LHP Homer O'Lannigan
Batting: RHB Dan Bernard 0-0: Called Strike
0-1: Foul Ball, location: 2F
0-2: Strikes out looking
Batting: RHB Steven Poe 0-0: Ball
1-0: Foul Ball, location: 2F
1-1: Ball
2-1: Fly out, F8 (Flyball, 8LS)
Batting: RHB Anthony Trujillo 0-0: Ball
1-0: Ball
2-0: Foul Ball, location: 2F
2-1: Ground out U3 (Groundball, 3)
Bottom of the 5th over - 0 run(s), 0 hit(s), 0 error(s), 0 left on base; Nortonville 0 - Ottawa 4
TOP OF THE 6TH
Nortonville Cherokees batting - Pitching for Ottawa Nationals : RHP Lewis Miller
Batting: RHB Tom Tracy 0-0: Swinging Strike
0-1: Ground out 6-3 (Groundball, 6)
Batting: SHB Chris Cordell 0-0: Ball
1-0: Fly out, F7 (Flyball, 78XD)
Batting: RHB Cristián Cruz 0-0: Ball
1-0: Ball
2-0: Called Strike
2-1: Ball
3-1: Swinging Strike
3-2: Foul Ball, location: 2F
3-2: Base on Balls
Batting: RHB Bill Manning 0-0: Called Strike
0-1: Ball
1-1: Foul Ball, location: 2F
1-2: Strikes out swinging
Top of the 6th over - 0 run(s), 0 hit(s), 0 error(s), 1 left on base; Nortonville 0 - Ottawa 4
BOTTOM OF THE 6TH
Ottawa Nationals batting - Pitching for Nortonville Cherokees : LHP Homer O'Lannigan
Batting: RHB Ben Daniel 0-0: Fly out, F3 (Popup, 3SF)
Batting: RHB Jesús Soto 0-0: Swinging Strike
0-1: Called Strike
0-2: Ball
1-2: Foul Ball, location: 2F
1-2: Ground out 6-3 (Groundball, 6M)
Batting: RHB Barry Welch 0-0: Called Strike
0-1: Ball
1-1: Swinging Strike
1-2: Ground out 6-3 (Groundball, 6MS)
Bottom of the 6th over - 0 run(s), 0 hit(s), 0 error(s), 0 left on base; Nortonville 0 - Ottawa 4
TOP OF THE 7TH
Nortonville Cherokees batting - Pitching for Ottawa Nationals : RHP Lewis Miller
Batting: LHB Anthony Trigg 0-0: Fly out, F8 (Flyball, 8LS)
Batting: RHB Víctor López 0-0: Ball
1-0: Swinging Strike
1-1: SINGLE (Groundball, 56)
Batting: RHB David Sánchez 0-0: Foul Ball, location: 2F
0-1: Ball
1-1: Foul Ball, location: 2F
1-2: SINGLE (Groundball, 6MD) (infield hit)
Víctor López to second
Batting: SHB Craig Barnes 0-0: Called Strike
0-1: SINGLE (Groundball, 56D) (infield hit)
Víctor López to third
David Sánchez to second
Batting: RHB Chris Oudekirk 0-0: Ball
1-0: Fly out, F4 (Line Drive, 4)
1-0: Lined into DP, 4-6 (Line Drive, 4)
Top of the 7th over - 0 run(s), 3 hit(s), 0 error(s), 2 left on base; Nortonville 0 - Ottawa 4
BOTTOM OF THE 7TH
Ottawa Nationals batting - Pitching for Nortonville Cherokees : LHP Homer O'Lannigan
Batting: RHB Jack O'Brien 0-0: Ball
1-0: Called Strike
1-1: Called Strike
1-2: Ball
2-2: Fly out, F8 (Flyball, 8LM)
Batting: RHB Sam Horton 0-0: Ball
1-0: Ball
2-0: Called Strike
2-1: Foul Ball, location: 2F
2-2: Ball
3-2: Ground out 5-3 (Groundball, 56)
Batting: RHB Stan Pierce 0-0: Ball
1-0: Fly out, F4 (Line Drive, 4)
Bottom of the 7th over - 0 run(s), 0 hit(s), 0 error(s), 0 left on base; Nortonville 0 - Ottawa 4
TOP OF THE 8TH
Nortonville Cherokees batting - Pitching for Ottawa Nationals : RHP Lewis Miller
Batting: RHB Tom Tracy 0-0: Ball
1-0: Foul Ball, location: 2F
1-1: SINGLE (Line Drive, 7S)
Batting: SHB Chris Cordell 0-0: Called Strike
0-1: Grounds into double play, 1-6-3 (Groundball, 15)
Batting: RHB Cristián Cruz 0-0: Ball
1-0: Swinging Strike
1-1: Fly out, F9 (Flyball, 9M)
Top of the 8th over - 0 run(s), 1 hit(s), 0 error(s), 0 left on base; Nortonville 0 - Ottawa 4
BOTTOM OF THE 8TH
Ottawa Nationals batting - Pitching for Nortonville Cherokees : LHP Homer O'Lannigan
Pitching: RHP Norberto Hernández
Batting: RHB Dan Bernard 0-0: Ball
1-0: Ball
2-0: Ball
3-0: Called Strike
3-1: Swinging Strike
3-2: Base on Balls
Batting: RHB Steven Poe 0-0: Sac Bunt - play at first, batter OUT! 5-3
Dan Bernard to second
Batting: RHB Anthony Trujillo 0-0: Ball
1-0: Ball
2-0: Foul Ball, location: 2F
2-1: Called Strike
2-2: Strikes out swinging
Batting: RHB Ben Daniel 0-0: Called Strike
0-1: Foul Ball, location: 2F
0-2: Ball
1-2: Ball
2-2: Foul Ball, location: 2F
2-2: Ball
3-2: Foul Ball, location: 2F
3-2: Foul Ball, location: 2F
3-2: Base on Balls
Batting: RHB Jesús Soto 0-0: Ball
1-0: Fly out, F7 (Flyball, 7LMF)
Bottom of the 8th over - 0 run(s), 0 hit(s), 0 error(s), 2 left on base; Nortonville 0 - Ottawa 4
TOP OF THE 9TH
Nortonville Cherokees batting - Pitching for Ottawa Nationals : RHP Lewis Miller
Batting: RHB Bill Manning 0-0: Ball
1-0: Fly out, F9 (Flyball, 9D)
Batting: LHB Anthony Trigg 0-0: Foul Ball, location: 2F
0-1: Ball
1-1: Foul Ball, location: 2F
1-2: Ball
2-2: Ball
3-2: Base on Balls
Batting: RHB Víctor López 0-0: Called Strike
0-1: Ball
1-1: Swinging Strike
1-2: Foul Ball, location: 2F
1-2: Fly out, F8 (Flyball, 89D)
Pitching: RHP Ernie McPherson
Batting: RHB David Sánchez 0-0: Called Strike
0-1: Ball
1-1: Foul Ball, location: 2F
1-2: Strikes out swinging
Top of the 9th over - 0 run(s), 0 hit(s), 0 error(s), 1 left on base; Nortonville 0 - Ottawa 4
This league is powered by Out of the Park Baseball, the baseball management simulation game for PC, Mac and Linux
Friday, January 22nd, 2016 - OOTP Baseball 16.9 Build 39